 Dungeon Crawl Stone Soup version 0.22-a0-445-g8c8ef71 (webtiles) character file.

179 wazuzu the Insei (level 5, -1/41 HPs)
             Began as a Mummy Monk on June 2, 2018.
             Killed from afar by an orc wizard (9 damage)
             ... with a puff of flame
             ... on level 4 of the Dungeon.
             The game lasted 00:14:19 (3286 turns).

wazuzu the Insei (Mummy Monk)                       Turns: 3286, Time: 00:14:19

Health: -1/41      AC:  6    Str: 14    XL:     5   Next: 33%
Magic:  5/5        EV: 13    Int:  9    God:
Gold:   165        SH:  0    Dex: 16    Spells: 4/4 levels left

rFire    x . .     SeeInvis .     - Unarmed
rCold    + + .     Gourm    .   (no shield)
rNeg     + + +     Faith    .   (no armour)
rPois    ∞         Spirit   .   e - +2 hat
rElec    .         Reflect  .   (no cloak)
rCorr    .         Harm     .   d - +1 pair of gloves
MR       .....                  g - +1 pair of boots
Stlth    ++........             j - amulet of magic regeneration
HPRegen  0.13/turn              a - ring of protection from cold
MPRegen  0.34/turn              (no ring)

@: no status effects
A: no food or potions, fire vulnerability, cold resistance 1, negative energy
resistance 3, torment resistance, unbreathing
a: no special abilities


You were on level 4 of the Dungeon.
You were not hungry.

You visited 1 branch of the dungeon, and saw 4 of its levels.

You collected 165 gold pieces.

Inventory:

Missiles
 h - 38 stones (quivered)
Armour
 d - a +1 pair of gloves (worn)
 e - a +2 hat (worn)
 g - a +1 pair of boots (worn)
Jewellery
 a - a ring of protection from cold (left hand)
 i - a +3 ring of evasion {unknown}
 j - an amulet of magic regeneration (around neck)
Scrolls
 c - 3 scrolls of identify
 f - 2 scrolls of remove curse


   Skills:
 - Level 3.0 Fighting
 - Level 2.4 Dodging
 - Level 1.5 Stealth
 + Level 5.0 Unarmed Combat


You had 4 spell levels left.
You didn't know any spells.
Your spell library was empty.

Dungeon Overview and Level Annotations

Branches:
Dungeon (4/15)
 Temple: D:4-7

Altars:
Fedhas
Makhleb
Sif Muna

Annotations:
D:4 George's ghost, novice MiFi


Innate Abilities, Weirdness & Mutations

You do not eat or drink.
Your flesh is vulnerable to fire.
You are immune to poison.
Your flesh is cold resistant. (rC+)
You are immune to negative energy. (rN+++)
You are immune to unholy pain and torment.
You can survive without breathing.


Message History

The adder skeleton is severely damaged.
The adder skeleton bites you.
* * * LOW HITPOINT WARNING * * *
You barely miss the adder skeleton.
The adder skeleton is severely damaged.
You completely miss the adder skeleton.
The adder skeleton is severely damaged.
The adder skeleton completely misses you.
You punch the adder skeleton!
You destroy the adder skeleton!
You start resting.
A magic dart appears from out of thin air!
The magic dart hits you!
* * * LOW HITPOINT WARNING * * *
A puff of frost appears from out of thin air!
The puff of frost hits you! You resist.
* * * LOW HITPOINT WARNING * * *
A puff of flame appears from out of thin air!
The puff of flame hits you! The fire burns you terribly!
You die...

#......# ##.###.##
#####.......#
#...#.####..#
#........# #
##...#Z##.....
#......####..#
####.###........#
##..@.# #........#
##..##.###.#.######
#...##..{..#.#
##.#########.# #.#
.% #.# .. #.# ...
#.## #..#


There were no monsters in sight!

Vanquished Creatures
  2 orc priests
  2 adders
  An ooze (D:1)
  An adder skeleton (D:4)
  3 worms
  4 dart slugs
  5 leopard geckos
  4 orcs
  3 ball pythons
  4 bats
  4 giant cockroaches
  2 goblins
  9 hobgoblins
  9 jackals
  A quokka (D:4)
  4 frilled lizards
  3 kobolds
  6 rats
67 creatures vanquished.

Notes
Turn   | Place    | Note
-------+----------+-------------------------------------------
     0 | D:1      | wazuzu the Mummy Monk began the quest for the Orb.
     0 | D:1      | Reached XP level 1. HP: 18/18 MP: 1/1
    13 | D:1      | Noticed a basilisk
    13 | D:1      | Noticed a soldier ant
    13 | D:1      | Noticed a centaur warrior
   263 | D:1      | Reached skill level 3 in Unarmed Combat
   263 | D:1      | Reached XP level 2. HP: 12/24 MP: 2/2
   850 | D:1      | Reached XP level 3. HP: 29/29 MP: 3/3
  1492 | D:2      | Reached skill level 4 in Unarmed Combat
  1730 | D:2      | Found a blossoming altar of Fedhas.
  1732 | D:2      | Found a burning altar of Makhleb.
  1735 | D:2      | Found a deep blue altar of Sif Muna.
  1821 | D:2      | Reached XP level 4. HP: 30/35 MP: 4/4
  2276 | D:3      | Reached XP level 5. HP: 30/41 MP: 5/5
  3070 | D:4      | Reached skill level 5 in Unarmed Combat
  3086 | D:4      | Noticed George's ghost (novice MiFi)
  3286 | D:4      | Killed from afar by an orc wizard

Vault maps used:
D:1:      onia_arrival_zoo_common
D:2:      grunt_temple_overflow_diamond
D:3:      first_ration

Skill      XL: |  1  2  3  4  5 |
---------------+----------------+-----
Unarmed Combat | 3 4 5 |  5.0
Fighting       | |  3.0
Dodging        | |  2.4
Stealth        | |  1.5

Action                   |  1- 3 |  4- 6 || total
-------------------------+-------+-------++-------
Melee: Unarmed           |   156 |   165 ||   321
       Punch             |     4 |     3 ||     7
  Use: Scroll            |     5 |     6 ||    11
 Stab: Sleeping          |     5 |     1 ||     6
Armor: Skin              |    14 |    39 ||    53
Dodge: Dodged            |    94 |   123 ||   217

Table legend:
 A = Spawn XP
 B = Non-spawn XP
 C = Spawn XP percentage of total XP
 D = Spawn monster count
 E = Non-spawn monster count
 F = Spawn count percentage of total count
 G = Total turns spent on level
                    A         B        C        D         E        F      G
               +---------+---------+-------+---------+---------+-------+---------
         Total |       0 |     257 |   0.0 |       0 |      67 |   0.0 |  3286
               +---------+---------+-------+---------+---------+-------+---------
           D:1 |       0 |      64 |   0.0 |       0 |      22 |   0.0 |  1263
           D:2 |       0 |      99 |   0.0 |       0 |      22 |   0.0 |  1110
           D:3 |       0 |      74 |   0.0 |       0 |      16 |   0.0 |   681
           D:4 |       0 |      20 |   0.0 |       0 |       7 |   0.0 |   232
               +---------+---------+-------+---------+---------+-------+---------
